[Event "Croatian 1A League 2022"]
[Site "Porec"]
[Date "2022.09.26"]
[Round "3.10"]
[White "Trbojevic, Mladen"]
[Black "Zufic, Miroslav"]
[Result "1-0"]
[ECO "B06"]
[WhiteElo "2332"]
[BlackElo "2370"]
[Annotator "RC"]
[PlyCount "55"]
[EventDate "2022.09.24"]
[EventType "team-tourn"]
[EventCountry "CRO"]
[SourceTitle "playchess.com"]
[Source "ChessBase"]
[SourceQuality "1"]
[TimeControl "40/5400+30:1800+30"]

1. e4 c5 2. c3 d5 3. exd5 Qxd5 4. d4 g6 5. Nf3 Bg7 6. Na3 cxd4 7. Nb5 Na6 8. Nbxd4 Nf6 9. Bb5+ Bd7 10. Bxa6 bxa6 11. O-O O-O 12. Re1 Rfe8 13. Ne5 Rab8 14. h3 Red8 15. Qe2 Bb5 16. Nxb5 axb5 17. Bf4 Qb7 18. a4 Nd5 19. Bg3 bxa4 20. c4 Nb4 21. Rxa4 Rbc8 22. Qe4 Qxe4 23. Rxe4 Rd1+ 24. Kh2 Bxe5 25. Rxe5 Nc6 26. Rc5 Rdd8 27. b4 a6 28. b5 1-0

[Event "Croatian 1A League 2022"]
[Site "Porec"]
[Date "2022.09.26"]
[Round "3.11"]
[White "Franic, Milan"]
[Black "Krstic, Uros"]
[Result "1/2-1/2"]
[ECO "A42"]
[WhiteElo "2365"]
[BlackElo "2323"]
[Annotator "RC"]
[PlyCount "124"]
[EventDate "2022.09.24"]
[EventType "team-tourn"]
[EventCountry "CRO"]
[SourceTitle "playchess.com"]
[Source "ChessBase"]
[SourceQuality "1"]
[TimeControl "40/5400+30:1800+30"]

1. d4 g6 2. c4 Bg7 3. Nc3 d6 4. e4 e5 5. Be3 exd4 6. Bxd4 Nf6 7. f3 O-O 8. Nge2 a6 9. Qd2 b5 10. Ng3 h5 11. h4 Nc6 12. Bf2 bxc4 13. Bxc4 Ne5 14. Be2 Be6 15. Rd1 a5 16. Nf1 Nc4 17. Qc1 a4 18. Ne3 Bh6 19. Bxc4 Bxc4 20. Qc2 Ba6 21. Nxa4 Qb8 22. Nc3 c6 23. Rd4 Re8 24. Kd1 d5 25. Re1 dxe4 26. fxe4 Qe5 27. Nc4 Qf4 28. Be3 Qg4+ 29. Kc1 c5 30. Rd2 Qxh4 31. Bxh6 Qxe1+ 32. Rd1 Qg3 33. Nd6 Re6 34. Qd2 Rd8 35. Bf4 Qg4 36. e5 Ne8 37. Nce4 Nxd6 38. Nxd6 Kh7 39. Bg5 Rd7 40. Bf6 Bb5 41. Qe3 Rdxd6 42. Rxd6 Qc4+ 43. Kd2 Qxa2 44. Rxe6 Qxb2+ 45. Kd1 Qb1+ 46. Kd2 Qa2+ 47. Kd1 Qd5+ 48. Ke1 fxe6 49. Qa3 Qe4+ 50. Kf2 Qd4+ 51. Kg3 Qd3+ 52. Qxd3 Bxd3 53. Bg5 c4 54. Kf3 c3 55. Ke3 Bf5 56. Kd4 c2 57. g3 Kg7 58. Kc5 Kf7 59. Kd6 Ke8 60. Kc7 Be4 61. Kc8 Bd5 62. Kc7 Be4 1/2-1/2

[Event "Croatian 1A League 2022"]
[Site "Porec"]
[Date "2022.09.26"]
[Round "3.12"]
[White "Vernacki, Srdjan"]
[Black "Rubil, Marko"]
[Result "0-1"]
[ECO "A21"]
[WhiteElo "2280"]
[BlackElo "2270"]
[Annotator "RC"]
[PlyCount "122"]
[EventDate "2022.09.24"]
[EventType "team-tourn"]
[EventCountry "CRO"]
[SourceTitle "playchess.com"]
[Source "ChessBase"]
[SourceQuality "1"]
[TimeControl "40/5400+30:1800+30"]

1. c4 f5 2. Nc3 Nf6 3. g3 g6 4. Bg2 Bg7 5. e3 O-O 6. Nge2 d6 7. O-O e5 8. d3 a5 9. b3 Na6 10. Bb2 c6 11. Rc1 Bd7 12. Qd2 Re8 13. Na4 b6 14. Ba3 d5 15. c5 bxc5 16. Nxc5 Nxc5 17. Bxc5 a4 18. b4 Bc8 19. a3 Ba6 20. Rfd1 Nd7 21. Bf1 Nxc5 22. Rxc5 Bb7 23. Rdc1 Bf8 24. R5c2 h5 25. d4 e4 26. Nf4 g5 27. Nxh5 Re6 28. Be2 Rh6 29. g4 Bd6 30. gxf5 g4 31. Bxg4 Qg5 32. Kh1 Rxh5 33. Bxh5 Qxh5 34. Rg1+ Kf7 35. Rg2 Rh8 36. Qe2 Qxf5 37. Qg4 Rxh2+ 38. Kg1 Qxg4 39. Rxg4 Bc8 40. Rg2 Rh6 41. b5 Bh3 42. Rxc6 Bxg2 43. Kxg2 Rg6+ 44. Kf1 Bxa3 45. Ra6 Be7 46. Rxa4 Rb6 47. f3 Rf6 48. b6 Rxf3+ 49. Ke2 Rg3 50. Ra5 Rg2+ 51. Kf1 Rb2 52. Rxd5 Rxb6 53. Kg2 Rg6+ 54. Kh3 Bd6 55. Kh4 Ke6 56. Rh5 Rg1 57. d5+ Kf6 58. Rh6+ Rg6 59. Rh8 Be7 60. Re8 Kf7+ 61. Kh5 Rg5+ 0-1

[Event "Croatian 1A League 2022"]
[Site "Porec"]
[Date "2022.09.26"]
[Round "3.13"]
[White "Kadric, Denis"]
[Black "Donchenko, Alexander"]
[Result "1-0"]
[ECO "B25"]
[WhiteElo "2561"]
[BlackElo "2639"]
[Annotator "RC"]
[PlyCount "129"]
[EventDate "2022.09.24"]
[EventType "team-tourn"]
[EventCountry "CRO"]
[SourceTitle "playchess.com"]
[Source "ChessBase"]
[SourceQuality "1"]
[TimeControl "40/5400+30:1800+30"]

1. e4 c5 2. Nc3 d6 3. Nge2 Nf6 4. g3 g6 5. Bg2 Nc6 6. O-O Bg7 7. d3 O-O 8. h3 Rb8 9. f4 Nd7 10. a4 a6 11. Nd5 b5 12. axb5 axb5 13. c3 b4 14. f5 bxc3 15. bxc3 e6 16. Ne3 Bb7 17. Rb1 Na5 18. fxe6 fxe6 19. Rxf8+ Nxf8 20. Ng4 Kh8 21. Nh6 Qd7 22. Qf1 Nc6 23. Bg5 Ba6 24. Rxb8 Nxb8 25. c4 Nc6 26. Qf7 Qxf7 27. Nxf7+ Kg8 28. Nxd6 Nb4 29. Nc1 Nd7 30. Kf2 Bb2 31. Bf1 Ne5 32. Bf4 g5 33. Bxe5 Bxe5 34. Nb5 Kf7 35. Nb3 Nc2 36. Na5 Kf6 37. Be2 h6 38. Bh5 Nb4 39. Be2 Nc2 40. Nb3 Ke7 41. Nd2 Kd7 42. Nf3 Bg7 43. Bd1 Bxb5 44. cxb5 Nd4 45. Nd2 Kc7 46. Ba4 Bf6 47. Nc4 Be7 48. b6+ Kb7 49. Bd1 Bd8 50. Nd6+ Kxb6 51. Nf7 Be7 52. Nxh6 Kb5 53. Ke3 Kb4 54. Bg4 Kc3 55. e5 Kc2 56. Ke4 Kd2 57. Ng8 Bd8 58. Nf6 Nf5 59. Bxf5 exf5+ 60. Kxf5 Kxd3 61. Kxg5 c4 62. Kf5 Kd4 63. Ne4 c3 64. Nxc3 Kxc3 65. h4 1-0

[Event "Croatian 1A League 2022"]
[Site "Porec"]
[Date "2022.09.26"]
[Round "3.14"]
[White "Livaic, Leon"]
[Black "Saric, Ibro"]
[Result "1/2-1/2"]
[ECO "C78"]
[WhiteElo "2565"]
[BlackElo "2542"]
[Annotator "RC"]
[PlyCount "52"]
[EventDate "2022.09.24"]
[EventType "team-tourn"]
[EventCountry "CRO"]
[SourceTitle "playchess.com"]
[Source "ChessBase"]
[SourceQuality "1"]
[TimeControl "40/5400+30:1800+30"]

1. e4 e5 2. Nf3 Nc6 3. Bb5 a6 4. Ba4 Nf6 5. Nc3 Bd6 6. O-O O-O 7. d3 h6 8. a3 Re8 9. h3 Bf8 10. Bb3 d6 11. Re1 Be6 12. Bxe6 fxe6 13. Ne2 d5 14. Ng3 a5 15. a4 Qd7 16. c3 Rad8 17. Qb3 b6 18. Bd2 Bd6 19. Rad1 Qf7 20. Re2 Nd7 21. Qc2 Ne7 22. d4 Ng6 23. Nf1 Nf6 24. Ng3 Nd7 25. Nf1 Nf6 26. Ng3 Nd7 1/2-1/2

[Event "Croatian 1A League 2022"]
[Site "Porec"]
[Date "2022.09.26"]
[Round "3.15"]
[White "Saric, Ante"]
[Black "Christiansen, Johan-Sebastian"]
[Result "1/2-1/2"]
[ECO "E02"]
[WhiteElo "2510"]
[BlackElo "2583"]
[Annotator "ChessBase"]
[PlyCount "61"]
[EventDate "2022.09.24"]
[EventType "team-tourn"]
[EventCountry "CRO"]
[SourceTitle "playchess.com"]
[Source "ChessBase"]
[SourceQuality "1"]
[TimeControl "40/5400+30:1800+30"]

1. Nf3 d5 2. d4 Nf6 3. c4 e6 4. g3 dxc4 5. Qa4+ Nbd7 6. Bg2 a6 7. Nc3 Be7 8. Ne5 O-O 9. Nxd7 Qxd7 10. Qxc4 Rd8 11. Bf4 c6 12. Rd1 Nd5 13. O-O a5 14. Qb3 b5 15. Nxd5 exd5 16. e4 dxe4 17. Bxe4 Bb7 18. Qc2 g6 19. h4 Bf6 20. Be3 Qe6 21. a3 Rd7 22. Rfe1 Rad8 23. Bf3 Qc4 24. Qxc4 bxc4 25. Rc1 Bxd4 26. Rxc4 c5 27. Bxb7 Rxb7 28. Rd1 Rbd7 29. Bxd4 cxd4 30. Rc5 Rd5 31. b4 1/2-1/2

[Event "Croatian 1A League 2022"]
[Site "Porec"]
[Date "2022.09.26"]
[Round "3.16"]
[White "Martinovic, Sasa"]
[Black "Plenca, Julijan"]
[Result "1-0"]
[ECO "A85"]
[WhiteElo "2546"]
[BlackElo "2447"]
[Annotator "RC"]
[PlyCount "73"]
[EventDate "2022.09.24"]
[EventType "team-tourn"]
[EventCountry "CRO"]
[SourceTitle "playchess.com"]
[Source "ChessBase"]
[SourceQuality "1"]
[TimeControl "40/5400+30:1800+30"]

1. d4 d5 2. c4 e6 3. Nf3 c6 4. e3 Bd6 5. Nc3 f5 6. Bd3 Nf6 7. O-O Ne4 8. Ne5 O-O 9. f3 Nxc3 10. bxc3 Nd7 11. f4 Nf6 12. Qb3 Qe7 13. a4 c5 14. a5 Bd7 15. Ba3 b6 16. Qa2 g6 17. h3 Kh8 18. Bb2 b5 19. dxc5 Bxc5 20. cxb5 Bxe3+ 21. Kh2 Ng4+ 22. Nxg4 fxg4 23. g3 Kg8 24. Rae1 Bc5 25. c4 d4 26. hxg4 g5 27. Bc1 gxf4 28. Bxf4 Bd6 29. Bxd6 Qxd6 30. Qe2 Rxf1 31. Rxf1 e5 32. Qf3 Qh6+ 33. Kg2 Rd8 34. Qf7+ Kh8 35. Qe7 Rg8 36. Qxe5+ Qg7 37. Qxg7+ 1-0

[Event "Croatian 1A League 2022"]
[Site "Porec"]
[Date "2022.09.26"]
[Round "3.17"]
[White "Plenca, Jadranko"]
[Black "Rogic, Davor"]
[Result "1-0"]
[ECO "C91"]
[WhiteElo "2412"]
[BlackElo "2458"]
[Annotator "RC"]
[PlyCount "91"]
[EventDate "2022.09.24"]
[EventType "team-tourn"]
[EventCountry "CRO"]
[SourceTitle "playchess.com"]
[Source "ChessBase"]
[SourceQuality "1"]
[TimeControl "40/5400+30:1800+30"]

1. e4 e5 2. Nf3 Nc6 3. Bb5 a6 4. Ba4 Nf6 5. O-O Be7 6. Re1 b5 7. Bb3 d6 8. c3 O-O 9. d4 Bg4 10. Be3 Bh5 11. h3 exd4 12. cxd4 Na5 13. Bc2 d5 14. e5 Ne4 15. Nc3 Nxc3 16. bxc3 Nc4 17. Bf5 Rb8 18. Bf4 Rb6 19. Qd3 Bg6 20. Bxg6 Rxg6 21. Bg3 Rb6 22. Re2 Qd7 23. Nh2 b4 24. cxb4 Rxb4 25. Rae1 Ra4 26. Ng4 Ra3 27. Qb1 a5 28. Qb7 Bb4 29. Rc1 Rd3 30. e6 fxe6 31. Ne5 Nxe5 32. Rxc7 Qxc7 33. Qxc7 Nc4 34. Kh2 Rxd4 35. Rxe6 Rd2 36. Qd7 h6 37. Rc6 Kh7 38. Rc7 Bc3 39. Rc5 Bb4 40. Rc7 Bc3 41. Qe7 Rf5 42. Rd7 a4 43. Qe6 Rf6 44. Qg4 Rg6 45. Qf5 Rxa2 46. h4 1-0

[Event "Croatian 1A League 2022"]
[Site "Porec"]
[Date "2022.09.26"]
[Round "3.18"]
[White "Kurajica, Bojan"]
[Black "Cotic, Borna"]
[Result "1-0"]
[ECO "E17"]
[WhiteElo "2488"]
[BlackElo "2133"]
[Annotator "RC"]
[PlyCount "101"]
[EventDate "2022.09.24"]
[EventType "team-tourn"]
[EventCountry "CRO"]
[SourceTitle "playchess.com"]
[Source "ChessBase"]
[SourceQuality "1"]
[TimeControl "40/5400+30:1800+30"]

1. Nf3 Nf6 2. g3 d5 3. Bg2 e6 4. c4 Be7 5. b3 O-O 6. Bb2 b6 7. cxd5 exd5 8. O-O Bb7 9. d4 Nbd7 10. Nc3 Re8 11. Rc1 Bf8 12. Qc2 c6 13. Rfe1 Rc8 14. a3 c5 15. Qf5 Qe7 16. e3 g6 17. Qf4 Nh5 18. Qg4 f5 19. Qh3 Nhf6 20. Qh4 Ne4 21. Qxe7 Bxe7 22. Red1 c4 23. b4 Nxc3 24. Bxc3 Nf6 25. Ne5 Bd6 26. f3 Rcd8 27. h3 Nd7 28. f4 Nf6 29. Nxc4 dxc4 30. Bxb7 Rxe3 31. Kf2 Rde8 32. Re1 Rxe1 33. Rxe1 Ne4+ 34. Kf3 Kf8 35. Bxe4 fxe4+ 36. Rxe4 Rd8 37. a4 a6 38. Re6 Kf7 39. d5 b5 40. axb5 axb5 41. g4 Rd7 42. Ke4 Kf8 43. h4 Kf7 44. g5 Re7 45. f5 Bg3 46. h5 gxf5+ 47. Kxf5 Rd7 48. g6+ hxg6+ 49. hxg6+ Kf8 50. g7+ Kf7 51. Rf6+ 1-0

[Event "Croatian 1A League 2022"]
[Site "Porec"]
[Date "2022.09.26"]
[Round "3.19"]
[White "Kozul, Zdenko"]
[Black "Motylev, Alexander"]
[Result "1/2-1/2"]
[ECO "E11"]
[WhiteElo "2549"]
[BlackElo "2635"]
[Annotator "RC"]
[PlyCount "23"]
[EventDate "2022.09.24"]
[EventType "team-tourn"]
[EventCountry "CRO"]
[SourceTitle "playchess.com"]
[Source "ChessBase"]
[SourceQuality "1"]
[TimeControl "40/5400+30:1800+30"]

1. d4 Nf6 2. c4 e6 3. g3 d5 4. Bg2 Bb4+ 5. Bd2 Be7 6. Nf3 O-O 7. O-O c6 8. Qc2 Nbd7 9. Rd1 b6 10. a4 a5 11. cxd5 cxd5 12. Nc3 1/2-1/2

[Event "Croatian 1A League 2022"]
[Site "Porec"]
[Date "2022.09.26"]
[Round "3.20"]
[White "Postny, Evgeny"]
[Black "Stevic, Hrvoje"]
[Result "1-0"]
[ECO "D23"]
[WhiteElo "2573"]
[BlackElo "2565"]
[Annotator "RC"]
[PlyCount "35"]
[EventDate "2022.09.24"]
[EventType "team-tourn"]
[EventCountry "CRO"]
[SourceTitle "playchess.com"]
[Source "ChessBase"]
[SourceQuality "1"]
[TimeControl "40/5400+30:1800+30"]

1. d4 d5 2. c4 dxc4 3. Nf3 Nf6 4. Qa4+ Nc6 5. Qxc4 e5 6. Nxe5 Nxe5 7. dxe5 Ng4 8. Bf4 c6 9. Nd2 Be6 10. Qc2 Qa5 11. a3 Nxe5 12. e3 O-O-O 13. Rc1 Ng4 14. Be2 Nxf2 15. b4 Qf5 16. Kxf2 g5 17. Qxf5 Bxf5 18. Be5 1-0

[Event "Croatian 1A League 2022"]
[Site "Porec"]
[Date "2022.09.26"]
[Round "3.21"]
[White "Palac, Mladen"]
[Black "Bosiocic, Marin"]
[Result "1-0"]
[ECO "B30"]
[WhiteElo "2516"]
[BlackElo "2548"]
[Annotator "RC"]
[PlyCount "85"]
[EventDate "2022.09.24"]
[EventType "team-tourn"]
[EventCountry "CRO"]
[SourceTitle "playchess.com"]
[Source "ChessBase"]
[SourceQuality "1"]
[TimeControl "40/5400+30:1800+30"]

1. e4 c5 2. Nf3 Nc6 3. Bb5 e6 4. O-O Nge7 5. Re1 a6 6. Bf1 d5 7. exd5 Nxd5 8. d4 Nf6 9. Be3 Be7 10. c4 O-O 11. Nc3 cxd4 12. Nxd4 Ne5 13. h3 Bd7 14. Rc1 Rc8 15. Qb3 Qc7 16. Na4 Rcd8 17. Qb6 Qc8 18. Qa5 Bd6 19. Nb6 Qb8 20. Qc3 Bc6 21. b4 Be4 22. c5 Bc7 23. b5 axb5 24. Bxb5 Ng6 25. Bg5 Bxb6 26. cxb6 Qe5 27. Bxf6 gxf6 28. Rcd1 Nf4 29. Bf1 Kh8 30. f3 Rc8 31. Qd2 Rg8 32. Kh1 Nxh3 33. gxh3 Qg3 34. Qg2 Qb8 35. Qh2 Qxh2+ 36. Kxh2 Bd5 37. Rd2 Rc3 38. Bg2 Ra3 39. Nb5 Ra5 40. Nc3 Bc6 41. f4 Rc8 42. Bxc6 Rxc6 43. Rg1 1-0

[Event "Croatian 1A League 2022"]
[Site "Porec"]
[Date "2022.09.26"]
[Round "3.22"]
[White "Fucak, Emilio Milko"]
[Black "Petkov, Vladimir"]
[Result "0-1"]
[ECO "A21"]
[WhiteElo "2187"]
[BlackElo "2451"]
[Annotator "RC"]
[PlyCount "52"]
[EventDate "2022.09.24"]
[EventType "team-tourn"]
[EventCountry "CRO"]
[SourceTitle "playchess.com"]
[Source "ChessBase"]
[SourceQuality "1"]
[TimeControl "40/5400+30:1800+30"]

1. c4 e5 2. g3 d6 3. Bg2 f5 4. d3 Nf6 5. Nc3 Be7 6. e4 c6 7. Nge2 O-O 8. O-O Qe8 9. exf5 Bxf5 10. Ne4 Na6 11. N2c3 Qd7 12. Be3 Kh8 13. a3 Ng4 14. Bg5 Bxg5 15. Nxg5 h6 16. Nf3 Nc5 17. Ne1 Rf7 18. b4 Ne6 19. Ne2 Raf8 20. Qd2 Ng5 21. f3 Nf6 22. Qe3 Bh3 23. Ra2 Bxg2 24. Nxg2 Ng4 25. Qxa7 Nxf3+ 26. Kh1 Ngxh2 0-1

[Event "Croatian 1A League 2022"]
[Site "Porec"]
[Date "2022.09.26"]
[Round "3.23"]
[White "Zelcic, Robert"]
[Black "Medancic, Rikard"]
[Result "1-0"]
[ECO "B06"]
[WhiteElo "2495"]
[BlackElo "2120"]
[Annotator "RC"]
[PlyCount "81"]
[EventDate "2022.09.24"]
[EventType "team-tourn"]
[EventCountry "CRO"]
[SourceTitle "playchess.com"]
[Source "ChessBase"]
[SourceQuality "1"]
[TimeControl "40/5400+30:1800+30"]

1. e4 g6 2. d4 Bg7 3. Nc3 d6 4. f4 a6 5. Nf3 e6 6. Bd3 Ne7 7. e5 b6 8. Ne4 Bb7 9. Qe2 Bxe4 10. Qxe4 d5 11. Qe3 Qc8 12. b4 Nd7 13. O-O b5 14. a4 c6 15. a5 h6 16. Bd2 Nf8 17. Kf2 Qd7 18. Ke2 h5 19. h3 O-O-O 20. g4 Kb7 21. Rg1 Qc7 22. Raf1 hxg4 23. hxg4 Re8 24. Rh1 f6 25. Rxh8 Bxh8 26. Rh1 Bg7 27. exf6 Bxf6 28. Ne5 Bg7 29. Be1 Kc8 30. Bh4 Kb7 31. c3 Nc8 32. Nxg6 Nd6 33. Ne5 Nd7 34. Bg5 Rh8 35. Rh5 Nf6 36. Rxh8 Bxh8 37. Qh3 Bg7 38. Bxf6 Bxf6 39. g5 Bxe5 40. dxe5 Ne8 41. Qxe6 1-0

[Event "Croatian 1A League 2022"]
[Site "Porec"]
[Date "2022.09.26"]
[Round "3.24"]
[White "Mihalic, Goran"]
[Black "Jankovic, Alojzije"]
[Result "0-1"]
[ECO "B07"]
[WhiteElo "2023"]
[BlackElo "2548"]
[Annotator "RC"]
[PlyCount "58"]
[EventDate "2022.09.24"]
[EventType "team-tourn"]
[EventCountry "CRO"]
[SourceTitle "playchess.com"]
[Source "ChessBase"]
[SourceQuality "1"]
[TimeControl "40/5400+30:1800+30"]

1. Nf3 Nf6 2. g3 g6 3. Bg2 Bg7 4. O-O O-O 5. d4 d6 6. Nc3 Nbd7 7. e4 e5 8. h3 a6 9. a4 a5 10. Be3 Re8 11. dxe5 dxe5 12. Qd2 c6 13. Rfd1 Bf8 14. Nh2 Qe7 15. Bg5 Nc5 16. Ng4 Bxg4 17. hxg4 Ne6 18. Bh3 Rad8 19. Qe3 Nd4 20. Rac1 Qe6 21. Kg2 Be7 22. f3 Qc4 23. Rd2 Ne6 24. Bh4 Rxd2+ 25. Qxd2 Rd8 26. Qe3 g5 27. Bxg5 Bc5 28. b3 Bxe3 29. bxc4 Rd2+ 0-1

[Event "Croatian 1A League 2022"]
[Site "Porec"]
[Date "2022.09.26"]
[Round "3.25"]
[White "Kaczur, Florian"]
[Black "Fedorchuk, Sergey A."]
[Result "1/2-1/2"]
[ECO "B40"]
[WhiteElo "2483"]
[BlackElo "2617"]
[Annotator "RC"]
[PlyCount "21"]
[EventDate "2022.09.24"]
[EventType "team-tourn"]
[EventCountry "CRO"]
[SourceTitle "playchess.com"]
[Source "ChessBase"]
[SourceQuality "1"]
[TimeControl "40/5400+30:1800+30"]

1. e4 c5 2. Nf3 e6 3. c4 Nc6 4. Nc3 Nge7 5. d4 Nxd4 6. Nxd4 cxd4 7. Qxd4 Nc6 8. Qe3 Be7 9. Be2 O-O 10. O-O d6 11. b3 1/2-1/2

[Event "Croatian 1A League 2022"]
[Site "Porec"]
[Date "2022.09.26"]
[Round "3.26"]
[White "Bernadskiy, Vitaliy"]
[Black "Janzelj, Tim"]
[Result "1-0"]
[ECO "A86"]
[WhiteElo "2558"]
[BlackElo "2456"]
[Annotator "RC"]
[PlyCount "57"]
[EventDate "2022.09.24"]
[EventType "team-tourn"]
[EventCountry "CRO"]
[SourceTitle "playchess.com"]
[Source "ChessBase"]
[SourceQuality "1"]
[TimeControl "40/5400+30:1800+30"]

1. c4 f5 2. Nc3 Nf6 3. d4 g6 4. g3 Bg7 5. Bg2 O-O 6. Nh3 e6 7. O-O d6 8. b3 Nc6 9. Bb2 Ne7 10. Qc2 c6 11. Rad1 d5 12. Nf4 g5 13. Nd3 Bd7 14. Ba3 Be8 15. Nc5 Qc8 16. e4 Bh5 17. Rde1 fxe4 18. N5xe4 dxe4 19. Bxe7 Rf7 20. Bxf6 Bxf6 21. Nxe4 Qd8 22. Nxf6+ Qxf6 23. Re5 Rd8 24. Qe4 Bg6 25. Qe3 Bf5 26. d5 exd5 27. cxd5 Rd6 28. Re1 h6 29. Qxa7 1-0

[Event "Croatian 1A League 2022"]
[Site "Porec"]
[Date "2022.09.26"]
[Round "3.27"]
[White "Ivekovic, Bozidar"]
[Black "Lalic, Bogdan"]
[Result "1/2-1/2"]
[ECO "C48"]
[WhiteElo "2407"]
[BlackElo "2393"]
[Annotator "RC"]
[PlyCount "24"]
[EventDate "2022.09.24"]
[EventType "team-tourn"]
[EventCountry "CRO"]
[SourceTitle "playchess.com"]
[Source "ChessBase"]
[SourceQuality "1"]
[TimeControl "40/5400+30:1800+30"]

1. e4 e5 2. Nf3 Nf6 3. Nc3 Nc6 4. Bb5 Nd4 5. Bc4 Bc5 6. d3 d6 7. h3 c6 8. Nxd4 Bxd4 9. O-O Be6 10. Ne2 Bb6 11. Bxe6 fxe6 12. Ng3 O-O 1/2-1/2

[Event "Croatian 1A League 2022"]
[Site "Porec"]
[Date "2022.09.26"]
[Round "3.28"]
[White "Zaja, Ivan"]
[Black "Ostovic, Matija"]
[Result "1-0"]
[ECO "D27"]
[WhiteElo "2417"]
[BlackElo "2386"]
[Annotator "RC"]
[PlyCount "91"]
[EventDate "2022.09.24"]
[EventType "team-tourn"]
[EventCountry "CRO"]
[SourceTitle "playchess.com"]
[Source "ChessBase"]
[SourceQuality "1"]
[TimeControl "40/5400+30:1800+30"]

1. d4 d5 2. c4 dxc4 3. e3 Nf6 4. Bxc4 e6 5. Nf3 a6 6. a4 c5 7. O-O cxd4 8. exd4 Be7 9. Qe2 O-O 10. Nc3 Nbd7 11. Bg5 Nb6 12. Bb3 Nbd5 13. Ne5 h6 14. Bh4 Nxc3 15. bxc3 Nd5 16. Bxe7 Nxe7 17. Rfd1 Qc7 18. c4 Nc6 19. Bc2 Rd8 20. Qd3 g6 21. Qe3 Nxe5 22. dxe5 Bd7 23. Rd6 Qxc4 24. Bb3 Qh4 25. Rd4 Qe7 26. Qxh6 Qf8 27. Qg5 Bc6 28. Rf4 Qg7 29. Rf6 Be8 30. Qe3 Rac8 31. Rc1 Rxc1+ 32. Qxc1 Bc6 33. h4 Rd7 34. Qg5 Kh7 35. Qf4 Kg8 36. Kh2 Bd5 37. Bc2 Rc7 38. Bd3 Rd7 39. f3 Bc6 40. Bc2 Rc7 41. Bb3 Be8 42. a5 Kh7 43. g4 Rc3 44. Ba4 g5 45. hxg5 Kg8 46. Bxe8 1-0

[Event "Croatian 1A League 2022"]
[Site "Porec"]
[Date "2022.09.26"]
[Round "3.30"]
[White "Loncar, Robert"]
[Black "Zovko, Mario"]
[Result "1/2-1/2"]
[ECO "B01"]
[WhiteElo "2367"]
[BlackElo "2306"]
[Annotator "RC"]
[PlyCount "25"]
[EventDate "2022.09.24"]
[EventType "team-tourn"]
[EventCountry "CRO"]
[SourceTitle "playchess.com"]
[Source "ChessBase"]
[SourceQuality "1"]
[TimeControl "40/5400+30:1800+30"]

1. e4 d5 2. exd5 Qxd5 3. Nf3 Nf6 4. c4 Qe4+ 5. Be2 c6 6. Nc3 Qf4 7. d4 Qc7 8. h3 Bf5 9. Be3 e6 10. O-O Bd6 11. Qd2 Nbd7 12. Rfe1 O-O 13. Rad1 1/2-1/2

[Event "Croatian 1A League 2022"]
[Site "Porec"]
[Date "2022.09.27"]
[Round "4.1"]
[White "Saric, Ivan"]
[Black "Fedorchuk, Sergey A."]
[Result "1/2-1/2"]
[ECO "B54"]
[WhiteElo "2668"]
[BlackElo "2617"]
[Annotator "TA"]
[PlyCount "81"]
[EventDate "2022.09.24"]
[EventType "team-tourn"]
[EventCountry "CRO"]
[SourceTitle "playchess.com"]
[Source "ChessBase"]
[SourceQuality "1"]
[TimeControl "40/5400+30:1800+30"]

1. e4 c5 2. Nf3 e6 3. d4 cxd4 4. Nxd4 Nc6 5. Nc3 a6 6. Be2 d6 7. Nxc6 {[%emt 0:04:37] B54: Sicilian: 2...d6 3 d4 cxd4 4 Nxd4, Unusual Lines .} bxc6 8. Qd3 Be7 9. Qg3 {[%emt 0:07:30] White is slightly better.} Nf6 {[%emt 0:03:12] [#]} 10. b3 $146 ({Of course not} 10. Qxg7 Rg8 11. Qh6 Rxg2 $15) ({Predecessor:} 10. O-O O-O 11. b3 Bb7 12. Bb2 d5 13. Rad1 Qb8 14. e5 Nd7 15. Ne4 a5 16. f4 {0-1 (35) David,A (2525)-Movsesian,S (2642) Dresden 2007}) 10... Qa5 {[%emt 0:15:53] [#] ...Nxe4 is the strong threat.} 11. Bd2 Qc5 12. O-O ({Much worse is} 12. Qxg7 $6 Rg8 13. Qh6 (13. b4 $2 Qd4 $19) 13... Rxg2 $15) 12... O-O 13. Bh6 Ne8 14. Na4 Qa7 15. Rad1 c5 16. Bg5 {[%emt 0:06:46] White has more active pieces.} Bxg5 17. Qxg5 Bd7 18. Qe7 (18. Nc3 $14) 18... Bxa4 $11 19. Qxa7 Rxa7 20. bxa4 Nf6 21. Bf3 Rd8 22. Rb1 Kf8 23. Rfd1 Ke7 24. Rb6 d5 (24... g5 $5 ) 25. exd5 Nxd5 26. Bxd5 {[%emt 0:00:26] [#] aiming for Bf3.} Rxd5 27. Rxd5 exd5 {[%emt 0:00:04][%mdl 4096] Endgame KR-KR} 28. a5 Kd7 29. Kf1 Rc7 30. Rxa6 Rb7 $1 31. Ke2 Rb2 32. Kd2 Rxa2 33. Ra7+ Ke6 34. a6 h5 35. Ra8 g6 36. h4 Ke5 {[%emt 0:00:00] The position is equal.} 37. Ra7 Kd4 38. Rxf7 {[%emt 0:03:20] Hoping for a7.} Rxa6 39. g3 Kc4 40. Rf4+ d4 41. Rf7 {[%emt 0:02:57] Weighted Error Value: White=0.07 (flawless) /Black=0.05 (flawless)} 1/2-1/2

[Event "Croatian 1A League 2022"]
[Site "Porec"]
[Date "2022.09.27"]
[Round "4.2"]
[White "Bernadskiy, Vitaliy"]
[Black "Banusz, Tamas"]
[Result "1/2-1/2"]
[ECO "D35"]
[WhiteElo "2558"]
[BlackElo "2622"]
[Annotator "TA"]
[PlyCount "117"]
[EventDate "2022.09.24"]
[EventType "team-tourn"]
[EventCountry "CRO"]
[SourceTitle "playchess.com"]
[Source "ChessBase"]
[SourceQuality "1"]
[TimeControl "40/5400+30:1800+30"]

1. d4 d5 2. c4 e6 3. Nc3 Nf6 4. cxd5 exd5 5. Bg5 c6 6. e3 Bf5 7. Qf3 Bg6 8. Bxf6 Qxf6 9. Qxf6 gxf6 10. h4 Nd7 {[%emt 0:04:22][%cal Bb8d7,Bd7b6,Bb6c4][%mdl 32] D35: Queen's Gambit Declined: Exchange Variation.} 11. h5 Bf5 12. Nf3 Nb6 13. Nh4 Be6 14. f3 {[%emt 0:03:41] [#]} f5 $146 ({Predecessor:} 14... Rc8 15. Bd3 c5 16. Ne2 Nc4 17. Bxc4 dxc4 18. Kf2 Rg8 19. Rhd1 Rg5 20. g4 Rd8 {0-1 (42) Santo,M (2071)-Wimmer,J (2095) LSS email 2010}) 15. Kf2 Nc4 16. b3 Nd6 17. Bd3 Bh6 18. g3 Ke7 19. Rac1 Rhg8 20. Ng2 Kf6 21. Na4 Bf8 22. Nf4 Bh6 23. Rc2 Rge8 24. Nc5 Re7 25. Re1 Bc8 26. Bf1 Kg7 27. Rc3 Bd7 28. Rb1 Be8 29. Bd3 Bg5 30. Rh1 h6 31. Rb1 Kf8 32. Rcc1 Kg7 33. Rc3 Kf8 34. Rg1 Kg7 35. b4 (35. Rcc1 {looks sharper.} Kf6 36. Rb1 Kg7 37. Rgc1) 35... Kf8 36. Nb3 Bd7 37. a4 a6 38. Rb1 Be8 39. Rc2 Kg7 40. Ra1 Kf8 41. Rg1 Bd7 42. Nc5 Be8 43. Rb2 Rd8 44. Re1 Kg7 45. Rbe2 Kf8 46. Rg1 Ra8 47. Nh3 {[%emt 0:00:59][%cal Bf4h3,Bh3f2,Bf2d1,Bd1c3][%mdl 32] Pair of Knights!} Bf6 48. a5 Bd7 49. Ke1 Rae8 50. Kd2 Bc8 51. Nf2 Kg7 52. Nd1 Kh8 53. Nc3 Rg8 54. Reg2 Rge8 55. Nd1 Rg8 56. f4 Rge8 57. Re2 Rg8 58. Reg2 Rge8 59. Re2 {[%emt 0:01:58] Weighted Error Value: White=0.08 (flawless) /Black=0.08 (flawless)} 1/2-1/2